 Dungeon Crawl Stone Soup version 0.18-a0-1267-gff090c1 (webtiles) character file.

129568 Banto the Brawler (level 17, -5/97 HPs)
             Began as a Vine Stalker Skald on Feb 7, 2016.
             Was the Champion of Elyvilon.
             Slain by Arkorax's ghost (27 damage)
             ... on level 2 of the Shoals.
             The game lasted 00:51:36 (28688 turns).

Banto the Brawler (Vine Stalker Skald)             Turns: 28688, Time: 00:51:37

Health: -5/97      AC: 16    Str: 29    XL:     17   Next: 6%
Magic:  0/30       EV: 14    Int:  9    God:    Elyvilon [******]
Gold:   2241       SH: 10    Dex: 24    Spells: 3 memorised, 15 levels left

rFire  + . .     SeeInvis +       - Unarmed
rCold  + + .     Gourm    +     L - +1 ring mail of Freedom {*Drain +Fly MR++ Slay+5}
rNeg   . . .     Faith    .     p - +1 buckler "Pitsapso" {rPois Str+7 Int-3 Slay+3}
rPois  +         Spirit   +     g - +1 hat {SInv}
rElec  .         Dismiss  .     e - +0 cloak
rCorr  .         Reflect  .     F - +2 pair of gloves {Dex+3}
SustAt .         Harm     .     o - +1 pair of boots of the Wasteland {Dex+4}
MR     ++++.                    M - amulet of the gourmand
Stlth  +++++.....               y - ring of magical power
                                A - ring "Biuloj" {rF+ Str+3}

@: flying, incredibly resistant to hostile enchantments, quite stealthy
A: fangs 3, repulsion field 1, cold resistance 2, mutation resistance 1, sense
surroundings 1, poison resistance, regeneration 3, robust 1, magic shield,
antimagic bite, no device heal 3, rot immunity
a: Lesser Healing, Heal Other, Purification, Greater Healing, Divine Vigour,
Divine Protection, Renounce Religion, Stop Flying


You were on level 2 of the Shoals.
You worshipped Elyvilon.
Elyvilon was exalted by your worship.
You were completely stuffed.

You visited 6 branches of the dungeon, and saw 29 of its levels.

You collected 3075 gold pieces.
You spent 834 gold pieces at shops.

Inventory:

Missiles
 t - 4 throwing nets (quivered)
Armour
 e - a +0 cloak (worn)
 g - a +1 hat of see invisible (worn)
 o - the +1 pair of boots of the Wasteland (worn) {Dex+4}
   (You bought it in a shop on level 2 of the Orcish Mines)

   It affects your dexterity (+4).
 p - the +1 buckler "Pitsapso" (worn) {rPois Str+7 Int-3 Slay+3}
   (You acquired it on level 1 of the Spider Nest)

   It affects your strength (+7).
   It affects your intelligence (-3).
   It affects your accuracy and damage with ranged weapons and melee attacks
   (+3).
   It protects you from poison.
 F - a +2 pair of gloves of dexterity (worn)
 L - the +1 ring mail of Freedom (worn) {*Drain +Fly MR++ Slay+5}
   (You found it on level 8 of the Lair of Beasts)

   It affects your accuracy and damage with ranged weapons and melee attacks
   (+5).
   It affects your resistance to hostile enchantments.
   It lets you fly.
   It causes draining when unequipped.
Jewellery
 b - a +4 ring of dexterity
 y - a ring of magical power (right hand)
 A - the ring "Biuloj" (left hand) {rF+ Str+3}
   (You found it on level 1 of the Lair of Beasts)

   [ring of protection from fire]

   It affects your strength (+3).
   It protects you from fire.
 M - an amulet of the gourmand (around neck)
 X - a +2 ring of strength
Wands
 i - a wand of digging (11/24)
 m - a wand of teleportation (1/9)
 x - a wand of teleportation (6/9)
 H - a wand of hasting (4/9)
 S - a wand of acid (4/15)
 W - a wand of digging (18/24)
Scrolls
 j - 2 scrolls of fear
 r - a scroll of teleportation
 s - 10 scrolls of remove curse
 v - 5 scrolls of magic mapping
 z - 3 scrolls of recharging
 P - 12 scrolls of identify
 Z - a scroll of blinking
Potions
 a - 6 potions of haste
 d - 3 potions of magic
 h - 5 potions of curing
 l - 7 potions of brilliance
 n - 4 potions of flight
 w - 4 potions of invisibility
 C - a potion of cancellation
 D - a potion of berserk rage
 N - 3 potions of might
 R - a potion of agility
Miscellaneous
 B - a phantom mirror
 Q - a phial of floods (inert)
 T - a fan of gales (inert)
 U - a lamp of fire
Comestibles
 c - 23 bread rations
 f - 13 meat rations
 k - 14 beef jerkies
 q - 2 chunks of flesh
 u - 2 royal jellies
 I - 25 fruits


   Skills:
 - Level 10.0 Fighting
 - Level 10.0 Armour
 - Level 5.7 Dodging
 - Level 10.3 Stealth
 + Level 14.9 Shields
 + Level 16.4 Unarmed Combat
 - Level 2.1 Spellcasting
 - Level 3.0 Charms


You had 15 spell levels left.
You knew the following spells:

 Your Spells              Type           Power        Failure   Level  Hunger
a - Infusion              Chrm           #...         14%         1    ##.....
b - Song of Slaying       Chrm           #.......     21%         2    ###....
c - Shroud of Golubria    Chrm/Tloc      #.........   34%         2    ###....


Dungeon Overview and Level Annotations

Branches:
Dungeon (15/15) Temple (1/1) D:6 Lair (8/8) D:10 Shoals (2/4) Lair:6 Spider (1/4) Lair:3 Slime (0/6) Lair:7 Orc (2/2) D:11 Elf (0/3) Orc:2 Vaults (0/5) D:13 D:14 Depths: D:15

Altars:
Cheibriados
Dithmenos
Elyvilon
Fedhas
Gozag
Kikubaaqudgha
Makhleb
Nemelex Xobeh
Okawaru
Pakellas
Ru
Sif Muna
Trog
Vehumet
Xom
Yredelemnul
Zin
Beogh
Jiyva

Shops:
D:5 ?   D:6 ?   Orc:2 [?*?

Portals:
Hell: Lair:8

Annotations:
D:15 Roxanne
Lair:1 Harold
Shoals:2 Arkorax's ghost, adept OgWn


Innate Abilities, Weirdness & Mutations

You have razor-sharp teeth.
You regenerate.
When hurt, damage is shared between your health and your magic reserves.
Your bite disrupts and absorbs the magic of your enemies.
Potions and wands cannot restore your health.
You are immune to rotting.
You are surrounded by a mild repulsion field (EV +2).
Your flesh is very cold resistant.
You are somewhat resistant to further mutation.
You passively map a small area around you.
Your system is resistant to poisons.
You are robust (+10% HP).


Message History

You feel invigorated.
Arkorax's ghost is severely damaged.
You hit Arkorax's ghost but do no damage.
Your bite misses Arkorax's ghost.
Arkorax's ghost is severely damaged.
Arkorax's ghost hits you.
You hit Arkorax's ghost but do no damage.
You bite Arkorax's ghost, but do no damage.
Arkorax's ghost is severely damaged.
Arkorax's ghost hits you!!
* * * LOW HITPOINT WARNING * * *
You are too injured to fight recklessly!
Arkorax's ghost shouts, "You must not succeed where I failed!"
Things that are here:
an uncursed spear; an uncursed hunting sling
There is a stone staircase leading up, spattered with blood here.
Things that are here:
2 tomahawks; a stone Arkorax's ghost hits you!!
You die...

..... *....≈≈≈... ..≈..
#.≈≈≈≈..... * ,
..≈..###.≈≈≈≈≈.....
.......≈≈≈≈≈≈..... ≈
.#......≈..≈.....# *
,#..#............. ≈ ,
##.. #..........# * *
#≈.≈≈ #(.)......## #
##≈≈####.@.......# ≈≈
##≈#≈≈≈≈#≈##W))....######
≈≈≈≈≈≈≈≈≈≈≈..(.(.........
≈≈≈≈≈≈≈≈≈≈≈...(.......(..
#≈#≈..≈#≈##...(.........
* ##..####≈≈...(........
, #≈..≈##≈≈≈≈.(((....<..
##.≈ #≈≈≈≈≈≈)...(.....
#.≈#≈≈≈≈≈≈≈≈......... ,


You could see Arkorax's ghost.

Vanquished Creatures
  Rupert (D:14)
  Kirke (D:15)
  Donald (D:13)
  An orc warlord (Orc:2)
  A dire elephant (Lair:8)
  Nessos (D:14)
  A merfolk impaler (Shoals:1)
  7 hydras
  6 centaur warriors
  3 catoblepae
  An anaconda (shapeshifter) (D:13)
  A queen ant (Lair:5)
  2 ogre magi (D:15)
  A tengu warrior (D:10)
  7 death yaks
  Urug (Lair:3)
  4 orc high priests (Orc:2)
  A sun demon (Lair:8)
  Sonja (D:15)
  A fire crab (Lair:6)
  A skeletal warrior (D:13)
  A wizard (Lair:8)
  A sea snake (Shoals:1)
  2 unseen horrors (D:13)
  7 hill giants
  A wolf spider zombie (D:14)
  3 deep elf magi
  The ghost of Banto the Grappler, a novice VSSk of Elyvilon (D:7)
  3 wolf spiders
  10 ugly things
  2 fauns (Shoals:2)
  An orb spider (Lair:3)
  3 griffons
  5 orc knights
  A water nymph (Shoals:2)
  8 orc sorcerers
  7 cyclopes
  A siren (Shoals:2)
  4 manticores
  2 centaur zombies
  7 black mambas
  An orange demon (Lair:8)
  A smoke demon (Lair:8)
  12 spiny frogs
  Joseph (Lair:1)
  7 kobold demonologists
  11 komodo dragons
  A gargoyle (D:9)
  A freezing wraith (D:14)
  An efreet (D:13)
  A demonic crawler (Spider:1)
  3 ice devils (Lair:8)
  A hellwing (Lair:8)
  A tengu conjurer (D:14)
  4 fire drakes (Lair:8)
  7 merfolk
  4 red devils (Lair:8)
  A jumping spider (Spider:1)
  3 polar bears
  8 trolls
  A polar bear (shapeshifter) (D:11)
  6 two-headed ogres
  A two-headed ogre (shapeshifter) (D:12)
  Grinder (D:6)
  4 slime creatures (D:14)
  A wind drake (Shoals:1)
  A hornet zombie (D:15)
  A boulder beetle (Lair:8)
  A snapping turtle (Shoals:1)
  17 blink frogs
  Sigmund (D:4)
  2 water elementals (D:15)
  A spriggan (Lair:4)
  55 yaks
  17 redbacks
  4 tarantellas (Spider:1)
  A wyvern (D:10)
  2 vampires
  2 hogs (D:15)
  4 wraiths
  2 hungry ghosts
  16 humans
  4 basilisks
  2 fire bats (Lair:6)
  14 hippogriffs
  16 vampire mosquitoes
  14 wolves
  Edmund (D:6)
  An insubstantial wisp (Lair:6)
  19 water moccasins
  20 soldier ants (Lair:5)
  Duvessa (D:6)
  9 porcupines
  A hell hound (Lair:8)
  51 orc warriors
  2 sky beasts
  5 ice beasts
  23 ogres
  6 necrophages (Lair:2)
  3 phantoms
  3 black bears
  8 centaurs
  An eye of draining (D:15)
  13 crocodiles
  15 giant frogs
  7 big kobolds
  6 gnoll sergeants
  Dowan (D:6)
  2 wyvern skeletons (D:13)
  A water moccasin skeleton (D:7)
  6 scorpions
  12 wights
  20 killer bees
  2 electric eels
  9 crimson imps
  A giant frog zombie (D:8)
  9 hounds
  3 jellies
  16 orc wizards
  31 orc priests
  4 centaur skeletons
  A giant frog skeleton (D:9)
  11 iguanas
  32 worker ants
  18 sheep
  11 adders
  7 gnolls
  49 river rats
  4 shadow imps
  An adder zombie (D:10)
  2 adder skeletons
  4 worms
  9 giant geckos
  120 orcs
  4 giant cockroaches
  5 goblins
  4 hobgoblins
  19 jackals
  37 kobolds
  4 quokkas
  A ball python (D:2)
  A ball python skeleton (D:5)
  8 bats
  9 giant newts
  10 rats
  A plant (Lair:6)
1058 creatures vanquished.

Vanquished Creatures (collateral kills)
  A hydra (Lair:2)
  An entropy weaver (Spider:1)
  2 orb spiders (Spider:1)
  An ice devil (Lair:8)
  A jackal (D:11)
6 creatures vanquished.

Vanquished Creatures (others)
  A centaur (D:14)
  A killer bee (D:11)
  An orc priest (Orc:2)
  An ooze (D:1)
  A bat (D:1)
  A butterfly (D:2)
  12 fungi
  4 plants
22 creatures vanquished.

Grand Total: 1086 creatures vanquished

Notes
Turn   | Place    | Note
--------------------------------------------------------------
     0 | D:1      | Banto the Vine Stalker Skald began the quest for the Orb.
     0 | D:1      | Reached XP level 1. HP: 11/11 MP: 4/4
   462 | D:1      | Reached XP level 2. HP: 10/15 MP: 4/6
   947 | D:1      | Learned a level 2 spell: Song of Slaying
   976 | D:2      | Reached XP level 3. HP: 6/18 MP: 2/7
  1074 | D:2      | Found a shimmering altar of Xom.
  1084 | D:2      | Found a radiant altar of Vehumet.
  1365 | D:2      | Found an oddly glowing altar of Pakellas.
  1474 | D:2      | Found an oddly glowing altar of Pakellas.
  1509 | D:2      | Reached skill level 4 in Unarmed Combat
  1514 | D:2      | Found a basalt altar of Yredelemnul.
  1612 | D:3      | Reached XP level 4. HP: 23/23 MP: 8/8
  2332 | D:4      | Reached skill level 5 in Unarmed Combat
  2332 | D:4      | Reached XP level 5. HP: 19/26 MP: 6/9
  2560 | D:4      | Noticed a phantom
  2590 | D:4      | Killed a phantom
  2590 | D:4      | Reached skill level 6 in Unarmed Combat
  2590 | D:4      | Gained mutation: You heal very quickly. [Vine Stalker growth]
  2590 | D:4      | Reached XP level 6. HP: 28/30 MP: 2/10
  2598 | D:4      | Found a blossoming altar of Fedhas.
  2689 | D:4      | Learned a level 2 spell: Shroud of Golubria
  2721 | D:4      | Reached skill level 7 in Unarmed Combat
  2721 | D:4      | Reached XP level 7. HP: 21/34 MP: 3/11
  2793 | D:4      | Noticed Sigmund
  2803 | D:4      | Killed Sigmund
  2803 | D:4      | Reached skill level 8 in Unarmed Combat
  2830 | D:4      | Found a sacrificial altar of Ru.
  3289 | D:5      | Entered Level 5 of the Dungeon
  3374 | D:5      | Reached skill level 9 in Unarmed Combat
  3374 | D:5      | Gained mutation: You have razor-sharp teeth. [Vine Stalker growth]
  3374 | D:5      | Reached XP level 8. HP: 38/38 MP: 12/12
  3826 | D:5      | Reached skill level 1 in Armour
  3920 | D:5      | Found Hozevi Ehui's Magic Scroll Shop.
  3928 | D:5      | Bought a scroll of identify for 30 gold pieces
  3928 | D:5      | Bought a scroll of magic mapping for 52 gold pieces
  3939 | D:5      | Reached skill level 10 in Unarmed Combat
  3954 | D:5      | Got a citrine-encrusted leather armour
  3965 | D:5      | Identified the +1 leather armour of Classification {Str+3} (You found it on level 5 of the Dungeon)
  4462 | D:5      | Gained mutation: You are robust (+10% HP). [potion of mutation]
  4462 | D:5      | Gained mutation: You are surrounded by a mild repulsion field (EV +2). [potion of mutation]
  4462 | D:5      | Gained mutation: Your system is resistant to poisons. [potion of mutation]
  4463 | D:5      | Gained mutation: You passively map a small area around you. [potion of mutation]
  4463 | D:5      | Gained mutation: Your flesh is cold resistant. [potion of mutation]
  4463 | D:5      | Gained mutation: Your flesh is very cold resistant. [potion of mutation]
  4475 | D:6      | Found an ancient bone altar of Kikubaaqudgha.
  4475 | D:6      | Noticed Grinder
  4503 | D:6      | Paralysed by Grinder for 6 turns
  4513 | D:6      | Killed Grinder
  4605 | D:6      | Reached XP level 9. HP: 46/46 MP: 13/13
  4702 | D:6      | Noticed Edmund
  4717 | D:6      | Killed Edmund
  4864 | D:6      | Found a staircase to the Ecumenical Temple.
  4901 | D:6      | Found Feuquet's Magic Scroll Boutique.
  4905 | D:6      | Bought a scroll of identify for 28 gold pieces
  4905 | D:6      | Bought a scroll of identify for 28 gold pieces
  4905 | D:6      | Bought a scroll of recharging for 133 gold pieces
  4943 | Temple   | Entered the Ecumenical Temple
  5009 | Temple   | Became a worshipper of Elyvilon the Healer
  5112 | D:6      | Noticed Duvessa
  5118 | D:6      | Killed Duvessa
  5121 | D:6      | Noticed Dowan
  5130 | D:6      | Killed Dowan
  5413 | D:7      | Reached skill level 11 in Unarmed Combat
  5615 | D:7      | Reached skill level 1 in Stealth
  5775 | D:7      | Reached * piety under Elyvilon
  5959 | D:7      | Noticed Banto's ghost (novice VSSk)
  5972 | D:7      | Killed Banto's ghost
  5972 | D:7      | Reached skill level 5 in Armour
  6220 | D:8      | Reached skill level 5 in Stealth
  6587 | D:8      | Reached XP level 10. HP: 48/50 MP: 14/14
  7130 | D:9      | Found an opulent altar of Gozag.
  7242 | D:9      | Reached ** piety under Elyvilon
  7684 | D:9      | Noticed a kobold demonologist
  7693 | D:9      | Killed a kobold demonologist
  7724 | D:9      | Noticed a gargoyle
  7784 | D:9      | Identified the Tome of Assistive Dislocation
  7871 | D:9      | Found a snail-covered altar of Cheibriados.
  7968 | D:9      | Killed a gargoyle
  8007 | D:9      | Noticed a centaur warrior
  8023 | D:9      | Identified Sif Muna's Compendium of Sinister Magic and the Oath
  8453 | D:10     | Entered Level 10 of the Dungeon
  8453 | D:10     | Found a staircase to the Lair.
  8789 | D:10     | Reached skill level 10 in Stealth
  8789 | D:10     | Reached XP level 11. HP: 55/55 MP: 15/15
  8839 | D:10     | Found a burning altar of Makhleb.
  8895 | D:10     | Reached skill level 1 in Dodging
  8947 | D:10     | Noticed a hill giant
  8954 | D:10     | Killed a hill giant
  9346 | D:10     | Noticed a brown ugly thing
  9369 | D:10     | Killed a brown ugly thing
  9856 | D:11     | Reached *** piety under Elyvilon
  9866 | D:11     | Paralysed by fainting for 9 turns
  9980 | D:11     | Noticed a cyclops
 10039 | D:11     | Killed a cyclops
 10221 | D:11     | Noticed an orb spider
 10311 | D:11     | Noticed a hill giant
 10401 | D:11     | Killed a hill giant
 10462 | D:11     | Found a staircase to the Orcish Mines.
 10492 | D:11     | HP: 2/55 [poisoned by a gnoll sergeant]
 10837 | D:11     | Reached skill level 5 in Dodging
 10889 | D:11     | Noticed a salamander
 10898 | D:11     | a salamander changed into a yaktaur
 10901 | D:11     | Noticed a red ugly thing
 10944 | D:11     | Killed a red ugly thing
 11176 | D:11     | Gained mutation: You regenerate. [Vine Stalker growth]
 11176 | D:11     | Reached XP level 12. HP: 38/59 MP: 16/16
 11225 | D:11     | Reached skill level 10 in Armour
 11372 | D:10     | Noticed a tengu warrior
 11411 | D:10     | Killed a tengu warrior
 11453 | Lair:1   | Entered Level 1 of the Lair of Beasts
 11794 | Lair:1   | Got a translucent iron ring
 11802 | Lair:1   | Reached **** piety under Elyvilon
 11869 | Lair:1   | Reached skill level 1 in Shields
 11929 | Lair:1   | Noticed Harold
 11980 | Lair:1   | Noticed Joseph
 12000 | Lair:1   | Killed Joseph
 12318 | Lair:2   | Identified a scroll of acquirement
 12477 | Lair:2   | Identified the ring "Biuloj" {rF+ Str+3} (You found it on level 1 of the Lair of Beasts)
 12674 | Lair:2   | Got a smoking scale mail
 12867 | Lair:2   | Reached ***** piety under Elyvilon
 13139 | Lair:2   | Reached skill level 5 in Fighting
 13170 | Lair:2   | Identified the +2 scale mail "Kuwni" {rF+ Str+8 Int-3 Dex+2} (You found it on level 2 of the Lair of Beasts)
 13321 | Lair:2   | Noticed an eight-headed hydra
 13330 | Lair:2   | Killed an eight-headed hydra
 13531 | Lair:3   | Found a hole to the Spider Nest.
 13804 | Lair:3   | Noticed a six-headed hydra
 13816 | Lair:3   | Killed a six-headed hydra
 13830 | Lair:3   | Noticed Urug
 13846 | Lair:3   | Killed Urug
 13846 | Lair:3   | Reached skill level 5 in Shields
 14400 | Lair:3   | Reached XP level 13. HP: 72/72 MP: 17/17
 16749 | Lair:6   | Reached ****** piety under Elyvilon
 16781 | Lair:6   | Reached XP level 14. HP: 67/83 MP: 18/18
 16802 | Lair:6   | Reached skill level 10 in Fighting
 16842 | Lair:6   | Found a staircase to the Shoals.
 17767 | Lair:7   | Found a staircase to the Slime Pits.
 17770 | Lair:7   | Found a viscous altar of Jiyva.
 17902 | Lair:7   | Reached skill level 10 in Shields
 18284 | Lair:8   | Entered Level 8 of the Lair of Beasts
 18317 | Lair:8   | Got a jewelled ring mail
 18352 | Lair:7   | Identified the +1 ring mail of Freedom {*Drain +Fly MR++ Slay+5} (You found it on level 8 of the Lair of Beasts)
 18531 | Lair:8   | Reached skill level 12 in Unarmed Combat
 19260 | Lair:8   | Noticed a dire elephant
 19285 | Lair:8   | Killed a dire elephant
 19338 | Lair:8   | Found a burning altar of Makhleb.
 19525 | Lair:8   | Reached skill level 13 in Unarmed Combat
 19544 | Lair:8   | Reached XP level 15. HP: 40/88 MP: 19/19
 19632 | Lair:8   | Found a gateway to Hell.
 19962 | Orc:1    | Entered Level 1 of the Orcish Mines
 20205 | Orc:1    | Found a bloodstained altar of Trog.
 20491 | Orc:2    | Entered Level 2 of the Orcish Mines
 20844 | Orc:2    | Found Raar's Magic Scroll Emporium.
 20871 | Orc:2    | Bought a scroll of enchant armour for 82 gold pieces
 20877 | Orc:2    | Found Mos Roim's Assorted Antiques.
 20887 | Orc:2    | Bought a pair of spiked boots for 342 gold pieces
 20887 | Orc:2    | Bought a scroll labeled NOAJ BONEFIPHU for 36 gold pieces
 20927 | Orc:2    | Identified the +1 pair of boots of the Wasteland {Dex+4} (You bought it in a shop on level 2 of the Orcish Mines)
 20974 | Orc:2    | Found a roughly hewn altar of Beogh.
 21269 | Orc:2    | Got a scorched scale mail
 21270 | Orc:2    | Identified the +4 scale mail of Restlessness {rPois MP-9 Str+6} (You found it on level 2 of the Orcish Mines)
 21569 | Orc:2    | Found a staircase to the Elven Halls.
 22073 | Orc:2    | Found Mol Kit's Magic Scroll Boutique.
 22161 | Orc:2    | Noticed an orc warlord
 22162 | Orc:2    | Found a roughly hewn altar of Beogh.
 22246 | Orc:2    | Killed an orc warlord
 22246 | Orc:2    | Reached skill level 14 in Unarmed Combat
 22416 | Orc:2    | Found Fiodgh's Antique Armour Emporium.
 22443 | Orc:2    | Bought a runed helmet for 103 gold pieces
 24869 | D:14     | Found a gate to the Vaults.
 24869 | D:14     | Noticed Donald
 24976 | D:14     | Found a white marble altar of Elyvilon.
 24990 | D:14     | Reached XP level 16. HP: 93/93 MP: 20/20
 25023 | D:13     | Killed Donald
 25220 | D:14     | Reached skill level 15 in Unarmed Combat
 25697 | D:14     | Noticed Rupert
 25719 | D:14     | Killed Rupert
 25824 | D:14     | Noticed Nessos
 25831 | D:14     | Killed Nessos
 25835 | D:14     | Gained mutation: You are somewhat resistant to further mutation. [potion of beneficial mutation]
 25925 | D:15     | Entered Level 15 of the Dungeon
 26000 | D:15     | Noticed Sonja
 26008 | D:15     | Killed Sonja
 26135 | D:15     | Noticed Roxanne
 26910 | D:15     | Noticed Kirke
 26917 | D:15     | Killed Kirke
 27296 | Lair:3   | Reached skill level 16 in Unarmed Combat
 27312 | Spider:1 | Entered Level 1 of the Spider Nest
 27437 | Spider:1 | Got an ancient buckler
 27448 | Spider:1 | Identified the +1 buckler "Pitsapso" {rPois Str+7 Int-3 Slay+3} (You acquired it on level 1 of the Spider Nest)
 27831 | Shoals:1 | Entered Level 1 of the Shoals
 28514 | Shoals:1 | Reached XP level 17. HP: 29/97 MP: 21/21
 28651 | Shoals:2 | Noticed Arkorax's ghost (adept OgWn)
 28688 | Shoals:2 | Slain by Arkorax's ghost

Vault maps used:
D:1:      dpeg_arrival_arbitrary_b, minivault_23, lemuel_flame_loot_1
D:2:      fiery_altar_vehumet, yredelemnul_altar_generic, xom_butterflies,
          marbit_many_paths, johnstein_pakellas_dig
D:4:      nicolae_ru_path_of_blood, first_bread, fedhas_altar_1, uniq_sigmund
D:5:      nicolae_overflow_hidden_temple, serial_shops, shop,
          minmay_misc_feat_room, kennysheep_generic_room_13
D:6:      overflow_temple_1_default, minmay_temple_entry_enclosed_plants,
          serial_shops, shop, kennysheep_generic_room_10, uniq_edmund,
          uniq_grinder, uniq_duvessa
D:7:      grunt_ogre_cave
D:9:      minmay_tri_box, cheibriados_altar_1,
          nicolae_gozag_cash_rules_everything_around_me
D:10:     minmay_lair_entry_grove, serial_column_ruins,
          column_ruins_temple_circle, column_ruins_open_small,
          column_ruins_open_tiny, column_ruins_grid_3, grunt_potential
D:11:     kennysheep_orc_monster_closet_entryway
D:14:     david_vaults_3, elyvilon_altar_5, item_on_display_a, uniq_nessos,
          uniq_rupert
D:15:     grunt_enter_depths_snipers, minivault_14, minivault_25_ag,
          uniq_roxanne, uniq_kirke, uniq_sonja
Temple:   roderic_octagonal_lattice_temple
Lair:1:   infiniplex_staircase_pool_2, uniq_harold, uniq_joseph
Lair:2:   gammafunk_lair_bear_cave, roderic_carrion_pond, grunt_megastairs_5
Lair:3:   nicolae_spider_entry_orb_guardian, uniq_urug
Lair:4:   grunt_forest_stairs_clearing, grunt_megastairs_3
Lair:5:   st_stairs_9, minivault_29
Lair:6:   shoals_dummy_entry, pond, lemuel_fruit_fields
Lair:7:   slime_altar_1, kennysheep_catoblepas_arena
Lair:8:   evil_forest
Shoals:2: nicolae_shoals_stone_sculpture_thing,
          nicolae_shoals_kraken_intersection
Spider:1: spider_trap
Orc:1:    bloody_trog
Orc:2:    pubby_orc_utopia

Action                   |  1- 3 |  4- 6 |  7- 9 | 10-12 | 13-15 | 16-18 || total
-------------------------+-------+-------+-------+-------+-------+-------++-------
Melee: Unarmed           |   141 |   142 |   315 |  1109 |  1886 |   508 ||  4101
 Fire: Blowgun           |       |       |     4 |       |       |       ||     4
 Cast: Infusion          |     1 |     7 |     1 |       |       |       ||     9
       Song of Slaying   |     1 |     1 |       |     1 |       |       ||     3
Invok: Greater Healing   |       |       |       |       |       |     1 ||     1
 Abil: Evoke Flight      |       |       |       |       |       |     1 ||     1
Evoke: Wand              |       |       |       |     7 |     2 |     2 ||    11
       Phial of floods   |       |       |       |     1 |     1 |     1 ||     3
       Fan of gales      |       |       |       |       |       |     1 ||     1
  Use: Scroll            |     4 |     2 |    10 |    12 |     9 |     5 ||    42
       Potion            |       |       |     3 |     1 |       |     5 ||     9
 Stab: Sleeping          |     1 |       |    14 |    44 |    66 |    18 ||   143
       Paralysed         |       |       |       |    10 |       |       ||    10
       Distracted        |       |       |       |     6 |     3 |       ||     9
       Petrified         |       |       |       |       |     3 |       ||     3
       Petrifying        |       |       |       |       |       |     1 ||     1
  Eat: Chunk             |     2 |     4 |    13 |    48 |    36 |    13 ||   116
       Beef jerky        |       |       |       |     1 |       |       ||     1
